 Dungeon Crawl Stone Soup version 0.30.1-11-g7821555f0a (webtiles) character file.

Game seed: 4448190981636722929

93 SacredBeard the Grave Robber (level 4, -3/32 HPs)
             Began as a Demonspawn Necromancer on Nov 3, 2023.
             Slain by Terence
             ... wielding a +0 short sword
              (10 damage)
             ... on level 3 of the Dungeon.
             The game lasted 00:04:59 (1694 turns).

SacredBeard the Grave Robber (DsNe)                 Turns: 1694, Time: 00:05:00

Health: -3/32      AC:  3    Str:  9    XL:     4   Next: 37%
Magic:  6/7        EV: 12    Int: 18    God:
Gold:   110        SH:  0    Dex: 15    Spells: 6/7 levels left

rFire   . . .        h - +0 long sword
rCold   . . .        (no shield)
rNeg    . . .        s - +0 leather armour
rPois   .            (no helmet)
rElec   .            (no cloak)
rCorr   .            (no gloves)
SInv    +            (no boots)
Will    .....        j - amulet of regeneration
Stlth   ++           g - ring of see invisible
HPRegen 1.05/turn    (no ring)
MPRegen 0.10/turn

%: no passive effects
@: no status effects
A: powered by pain 1, big brain 1
a: no special abilities


You were on level 3 of the Dungeon.
You visited 1 branch of the dungeon, and saw 3 of its levels.

You collected 110 gold pieces.

Inventory:

Hand Weapons
 h - a +0 long sword (weapon)
Armour
 s - a +0 leather armour (worn)
Jewellery
 g - a ring of see invisible (left hand)
 j - an amulet of regeneration (around neck)
Scrolls
 c - a scroll of noise {unknown}
 f - a scroll of torment {unknown}
 i - 2 scrolls of fear {unknown}
 m - 3 scrolls of identify {unknown}
 q - a scroll of fog {unknown}
Potions
 a - a potion of mutation {unknown}
 b - a potion of magic
 d - a potion of might {unknown}
 e - a potion of lignification {unknown}
 k - a potion of haste {unknown}
 l - a potion of invisibility {unknown}
 n - a potion of degeneration {unknown}
 o - a potion of heal wounds {unknown}
 p - a potion of flight {unknown}
 r - a potion of curing {unknown}


   Skills:
 + Level 1.2 Fighting
 + Level 1.2 Armour
 + Level 2.2 Dodging
 + Level 2.4 Stealth
 + Level 2.4 Spellcasting
 + Level 4.9 Necromancy


You had 6 spell levels left.
You knew the following spells:

 Your Spells              Type           Power      Damage    Failure   Level
a - Necrotise             Necr           76%        1d7       3%          1

Your spell library contained the following spells:

 Spells                   Type           Power      Damage    Failure   Level
 Vampiric Draining        Necr           19%        2d7       10%         3
 Slow                     Hex            8%         N/A       24%         1
 Animate Dead             Necr           19%        N/A       30%         4
 Confusing Touch          Hex            2%         N/A       56%         3
 Agony                    Necr           19%        N/A       65%         5


Dungeon Overview and Level Annotations

Branches:
Dungeon (3/15) Zot: 16251

Altars:

Annotations:
D:3 Terence


Innate Abilities, Weirdness & Mutations

You sometimes gain a little power by taking damage.
You have an unusually large brain. (Int +2)


Message History

The adder is heavily wounded.
The adder bites you but does no damage.
You barely miss the adder.
The adder is heavily wounded.
The adder barely misses you. The adder bites you but does no damage.
You slash the adder!
You kill the adder!
You miscast Necrotise.
You are very lightly contaminated with residual magic.
Nothing appears to happen.
Terence shouts!
You hear an angry hiss.
Terence drinks a potion.
Terence goes berserk!
Terence writhes in agony.
You hit Terence but do no damage.
Terence is lightly wounded.
Terence hits you with a +0 short sword! Terence closely misses you.
You slash Terence!
Terence is heavily wounded.
Terence closely misses you. Terence hits you with a +0 short sword.
You hit Terence.
Terence is heavily wounded.
Terence closely misses you. Terence hits you with a +0 short sword.
Terence barely misses you.
You barely miss Terence.
Terence is heavily wounded.
Terence hits you with a +0 short sword. Terence barely misses you.
Your magical contamination has completely faded away.
You slash Terence!
Terence is almost dead.
Terence misses you. Terence hits you with a +0 short sword.
You hit Terence but do no damage.
Terence is almost dead.
Terence hits you with a +0 short sword!
* * * LOW HITPOINT WARNING * * *
Terence hits you with a +0 short sword.
* * * LOW HITPOINT WARNING * * *
You hit Terence but do no damage.
Terence is almost dead.
Terence hits you with a +0 short sword!
You die...

.. #.#. .#.
#.#. .. #.#.
#.#. #.#.
.##### #.##
.....## .
#...
####..####
#########....
####
.........#
#....@@......
#...
#####.##.#
#.#######...^
#.## #.##.#
#.# . #....#
#.# .
#####..###.#
.#
#.......##.#
...
###.###....#
....
#....##..#
S.... #.##.
#..#......


You could see Terence (berserk).

Vanquished Creatures
  4 adders
  2 worms (D:2)
  A dart slug (D:1)
  6 ball pythons
  5 endoplasms
  3 giant cockroaches
  4 goblins (D:1)
  5 hobgoblins
  2 quokkas (D:1)
  2 bats
  4 frilled lizards
  7 kobolds
  A rat (D:2)
46 creatures vanquished.

Vanquished Creatures (collateral kills)
  A hobgoblin (D:1)
  A frilled lizard (D:1)
  A rat (D:1)
3 creatures vanquished.

Grand Total: 49 creatures vanquished

Notes
Turn   | Place    | Note
-------+----------+-------------------------------------------
     0 | D:1      | SacredBeard the Demonspawn Necromancer began the quest for
                  | the Orb.
     0 | D:1      | Reached XP level 1. HP: 13/13 MP: 3/3
   219 | D:1      | Gained mutation: You sometimes gain a little power by
                  | taking damage. [demonic ancestry]
   219 | D:1      | Reached XP level 2. HP: 20/20 MP: 3/5
   605 | D:1      | You fall into a shaft and drop 1 floor!
   625 | D:2      | Reached XP level 3. HP: 23/25 MP: 6/6
   884 | D:2      | Reached skill level 1 in Fighting
   884 | D:2      | Reached skill level 1 in Armour
  1105 | D:2      | Gained mutation: You have an unusually large brain. (Int
                  | +2) [demonic ancestry]
  1105 | D:2      | Reached XP level 4. HP: 32/32 MP: 7/7
  1667 | D:3      | Noticed Terence
  1694 | D:3      | Slain by Terence

Illustrated notes

Levels and vault maps discovered:
D:1:      dpeg_arrival_three_smaller_balls, layout_rooms, minmay_tall_x
D:2:      layout_basic, minmay_diced_spiral
D:3:      layout_basic, nicolae_hepliaklqana_ecumenical_no_more,
          ebering_ecumenical_altar_webs, uniq_terence

Skill      XL: |  1  2  3 |
---------------+----------+-----
Stealth        | 2 |  2.4
Dodging        | 2 |  2.2
Fighting       | 1 |  1.2
Armour         | 1 |  1.2
Spellcasting   | |  2.4
Necromancy     | |  4.9

Action                     |  1- 3 |  4- 6 || total
---------------------------+-------+-------++-------
  Melee: Dagger            |     5 |       ||     5
         Long sword        |   108 |    32 ||   140
         Punch             |     1 |     1 ||     2
   Cast: Necrotise         |     9 |     1 ||    10
   Stab: Sleeping          |     2 |     2 ||     4
 Armour: Robe              |    23 |       ||    23
         Leather armour    |       |    15 ||    15
  Dodge: Dodged            |    87 |    26 ||   113
